AoeStats
← 一喜之狼一

Pilgrims

507471762Analyzed
4v4 RM · 14d ago on Sep 18, 2026· 27m 47s· 8 players
Game mode
Random Map
Map size
Large (8 player)
Population
200
Speed
Normal
Resources
Standard
Victory
Conquest
Starting age
Dark Age
Ending age
Imperial Age
RankedLock teamsTeams togetherTeam positionsShared explorationLock speedFull tech treeHidden civsTurbo modeCheats
Victory
Defeat
🇮🇳 Slavs · India
1218
+12
🇮🇳 Vietnamese · India
1200
+12
🇮🇳 Koreans · India
1171
+14
🇮🇳 Italians · India
1143
+15
🇨🇳 Japanese · China
1175
-16
🇦🇺 Lithuanians · Australia
1124
-13
🇨🇳 Huns · China
1100
-35
🇨🇳 Chinese · China
1087
-12
笑春风
6:06 Loom
12:19 Feudal Age
13:03 Double-Bit Axe
13:02 Fishing Lines
17:16 Castle Age
15:44 Fletching
17:36 Wheelbarrow
一喜之狼一
10:50 Loom
13:04 Feudal Age
17:57 Castle Age
16:00 Double-Bit Axe
16:22 Stone Mining
18:08 Fletching
19:46 Bodkin Arrow
Keanoob Reeves
12:49 Feudal Age
18:48 Castle Age
17:57 Scale Barding Armor
18:04 Forging
18:18 Horse Collar
19:01 Double-Bit Axe
20:11 Bow Saw
23:27 Chain Barding Armor
26:38 Heavy Plow
龙宫礼奈
15:48 Feudal Age
18:30 Wheelbarrow
20:05 Castle Age
20:37 Stone Mining
20:38 Gold Mining
20:32 Horse Collar
21:09 Double-Bit Axe
22:17 Hand Cart
25:28 Bow Saw
26:42 Pikeman
VVS
3:36 Loom
12:32 Feudal Age
13:02 Town Watch
13:31 Fishing Lines
14:42 Wheelbarrow
15:58 Double-Bit Axe
16:45 Fletching
24:00 Castle Age
23:02 Stone Mining
23:19 Fletching
25:51 Gold Mining
26:41 Gillnets
27:05 Medium Warships
28:05 Bodkin Arrow
Kunal
4:25 Loom
10:13 Feudal Age
10:58 Double-Bit Axe
11:22 Man-at-Arms
13:34 Fishing Lines
17:11 Fletching
19:25 Horse Collar
27:44 Castle Age
ravish.ratnam
7:40 Loom
15:15 Feudal Age
19:28 Castle Age
17:30 Gold Mining
18:14 Bloodlines
19:42 Scale Barding Armor
19:48 Forging
20:43 Chain Barding Armor
20:27 Husbandry
23:01 Iron Casting
24:15 Double-Bit Axe
DrGameHer
5:10 Loom
11:54 Feudal Age
12:19 Fishing Lines
12:34 Double-Bit Axe
20:39 Castle Age
23:03 Medium Warships
22:44 Gillnets
26:49 Bow Saw
26:20 Horse Collar
Connection lost

Rejoining the realm…

Still unreachable

The connection could not be restored.

Session expired

The server has moved on; the page needs a fresh start.